 Dungeon Crawl Stone Soup version 0.26-a0-946-g9485abf61d (webtiles) character file.

Game seed: 3616770234846682691

60 PentaManta the Chopper (level 3, 0/31 HPs)
             Began as a Minotaur Monk on Nov 28, 2020.
             Succumbed to an adder's poison
             ... on level 2 of the Dungeon.
             The game lasted 00:02:23 (1338 turns).

PentaManta the Chopper (Minotaur Monk)              Turns: 1338, Time: 00:02:23

Health: 0/31       AC:  5    Str: 16    XL:     3   Next: 80%
Magic:  2/2        EV: 12    Int:  7    God:
Gold:   38         SH:  0    Dex: 12    Spells: 2/2 levels left

rFire    + . .     SeeInvis .   a - +0 hand axe
rCold    . . .     Faith    .   (no shield)
rNeg     . . .     Spirit   .   d - +0 ring mail
rPois    .         Reflect  .   (helmet restricted)
rElec    .         Harm     .   j - scarf {shadows}
rCorr    .         Rampage  .   (no gloves)
MR       .....                  (no boots)
Stlth    +.........             (no amulet)
HPRegen  0.10/turn              c - ring of protection from fire (curse)
MPRegen  0.08/turn              (no ring)

@: lethally poisoned (0 -> -1)
A: retaliatory headbutt, horns 2
a: no special abilities


You were on level 2 of the Dungeon.
You visited 1 branch of the dungeon, and saw 2 of its levels.

You collected 38 gold pieces.

Inventory:

Hand Weapons
 a - a +0 hand axe (weapon)
 i - a +0 dagger
Armour
 d - a +0 ring mail (worn)
 j - a scarf of shadows (worn)
Jewellery
 c - a cursed ring of protection from fire (left hand)
Scrolls
 b - a scroll of magic mapping {unknown}
 f - 2 scrolls of identify {unknown}
 g - a scroll of enchant armour {unknown}
 k - a scroll of random uselessness {unknown}
 l - a scroll of remove curse {unknown}
Potions
 e - a potion of attraction {unknown}
 h - a potion of flight {unknown}


   Skills:
 - Level 3.6 Fighting
 + Level 5.8 Axes
 - Level 3.2 Dodging
 - Level 1.5 Stealth


You had 2 spell levels left.
You didn't know any spells.
Your spell library was empty.

Dungeon Overview and Level Annotations

Branches:
Dungeon (2/15)

Altars:


Innate Abilities, Weirdness & Mutations

You reflexively headbutt those who attack you in melee.
You have a pair of horns on your head.


Message History

You miss the adder.
The adder is moderately wounded.
You hit the kobold but do no damage.
* * * LOW HITPOINT WARNING * * *
You feel sick. The kobold barely misses you. You furiously retaliate!
You headbutt the kobold.
You kill the kobold!
The adder closely misses you.
You barely miss the adder.
The adder is moderately wounded.
The adder closely misses you.
You hit the adder.
The adder is heavily wounded.
The adder bites you but does no damage. The adder closely misses you.
You hit the adder but do no damage. Your headbutt misses the adder.
The adder is heavily wounded.
The adder misses you.
You miss the adder.
The adder is heavily wounded.
You die...

######.. [...
#......##....
........(<.#
#..........#
#.......?..#
#..).)S)...#
#.@## #...#
#.#.......
######.####....
#........<.....
.........>.....
...............
)..............
........<....#


You could see an adder.

Vanquished Creatures
  2 adders (D:2)
  A worm (D:2)
  A leopard gecko (D:2)
  4 bats
  3 giant cockroaches (D:1)
  4 goblins
  2 hobgoblins
  3 jackals (D:1)
  4 kobolds
  2 ball pythons (D:1)
  6 frilled lizards (D:1)
  4 rats (D:1)
36 creatures vanquished.

Notes
Turn   | Place    | Note
-------+----------+-------------------------------------------
     0 | D:1      | PentaManta the Minotaur Monk began the quest for the Orb.
     0 | D:1      | Reached XP level 1. HP: 19/19 MP: 0/0
   205 | D:1      | Reached skill level 4 in Axes
   295 | D:1      | Reached XP level 2. HP: 26/26 MP: 1/1
   542 | D:1      | Reached skill level 5 in Axes
   979 | D:1      | Reached XP level 3. HP: 29/31 MP: 2/2
  1333 | D:2      | HP: 1/31 [kobold/+0 dagger (1)]
  1338 | D:2      | Succumbed to an adder's poison

Illustrated notes

Levels and vault maps discovered:
D:1:      sevenhm_arrival_forest_fort_large_1, layout_basic,
          minmay_misc_feat_rugged
D:2:      layout_rooms, chequers_ecumenical_altar_twisty,
          uniq_crazy_yiuf_cottage

Skill      XL: |  1  2 |
---------------+-------+-----
Axes           | 4 5 |  5.8
Fighting       | |  3.6
Dodging        | |  3.2
Stealth        | |  1.5

Action                   || total
-------------------------++-------
Melee: Hand axe          ||   100
       Headbutt          ||     9
Armor: Ring mail         ||    28
Dodge: Dodged            ||    75

Table legend: (Time is in decaauts)
 A = Elapsed time spent in this place.
 B = Non-inter-level travel time spent in this place.
 C = Inter-level travel time spent in this place.
 D = Time resting spent in this place.
 E = Time spent auto-exploring this place.
 F = Levels seen in this place.
 G = Mean time per level.
                   A        B        C        D        E       F      G
               +--------+--------+--------+--------+--------+-----+--------+
         Total |   1348 |   1326 |     22 |      0 |   1111 |   2 |  674.0 |
       Dungeon |   1348 |   1326 |     22 |      0 |   1111 |   2 |  674.0 |
               +--------+--------+--------+--------+--------+-----+--------+

Top non-repeatable levels by time:
     D:1: 1301 daAuts
     D:2: 46 daAuts
